 Dungeon Crawl Stone Soup version 0.31.0-32-g396128a36d (webtiles) character file.

Game seed: 1466276480781939007

1286 bnorton916 the Magician (level 8, 0/41 HPs)
             Began as a Deep Elf Fire Elementalist on Apr 11, 2024.
             Slain by a gnoll sergeant
             ... wielding a +0 spear
              (8 damage)
             ... on level 5 of the Dungeon.
             The game lasted 00:14:01 (9156 turns).

bnorton916 the Magician (DEFE)                      Turns: 9156, Time: 00:14:01

Health: 0/41       AC:  5    Str: 11    XL:     8   Next: 30%
Magic:  17/21      EV: 13    Int: 23    God:
Gold:   296        SH:  0    Dex: 18    Spells: 15/22 levels left

rFire   . . .        y - +2 dagger (flame)
rCold   . . .        (no shield)
rNeg    . . .        a - +0 robe
rPois   .            m - +0 hat
rElec   +            u - +1 cloak
rCorr   +            (no gloves)
SInv    .            q - +0 pair of boots
Will    .....        (no amulet)
Stlth   ++++         D - ring of Xom's Hope {rElec rCorr Str+6 Dex+3}
HPRegen 0.26/turn    s - ring of flight
MPRegen 0.17/turn

%: no passive effects
@: flying, studying Stealth
A: no striking features
a: no special abilities


You were on level 5 of the Dungeon.
You visited 1 branch of the dungeon, and saw 5 of its levels.
You also visited: Sewer.

You collected 296 gold pieces.

Inventory:

Hand Weapons
 o - a +0 whip of electrocution
 y - a +2 dagger of flaming (weapon)
 C - a +4 whip of venom
Missiles
 g - 3 throwing nets
 x - 4 boomerangs (quivered)
Armour
 a - a +0 robe (worn)
 k - a scarf of shadows
 m - a +0 hat (worn)
 q - a +0 pair of boots (worn)
 u - a +1 cloak (worn)
Magical Staves
 A - a staff of air
Jewellery
 f - a ring of positive energy
 s - a ring of flight (right hand)
 D - the ring of Xom's Hope (left hand) {rElec rCorr Str+6 Dex+3}
   (You found it on level 4 of the Dungeon)

   [ring of strength]

   Str+6:     It affects your strength (+6).
   Dex+3:     It affects your dexterity (+3).
   rElec:     It insulates you from electricity.
   rCorr:     It protects you from acid and corrosion.
Wands
 B - a wand of iceblast (6)
Scrolls
 e - 2 scrolls of noise
 h - a scroll of fog {unknown}
 i - a scroll of fear {unknown}
 j - a scroll of enchant armour {unknown}
 l - 4 scrolls of teleportation
 r - a scroll of blinking
 v - a scroll of torment {unknown}
 w - 2 scrolls of revelation
 z - a scroll of butterflies {unknown}
 E - a scroll of amnesia {unknown}
Potions
 b - a potion of magic
 c - 2 potions of heal wounds {unknown}
 d - a potion of enlightenment {unknown}
 n - 4 potions of curing {unknown}
 p - a potion of invisibility {unknown}
 t - a potion of haste {unknown}
 F - a potion of ambrosia {unknown}


   Skills:
 + Level 0.0 Fighting
 - Level 2.4 Dodging
 - Level 7.0 Stealth
 + Level 7.8 Spellcasting
 - Level 5.9 Conjurations
 + Level 6.7 Fire Magic


You had 15 spell levels left.
You knew the following spells:

 Your Spells              Type           Power      Damage    Failure   Level
a - Foxfire               Conj/Fire      100%       2x1d9     1%          1
b - Scorch                Fire           80%        2d8       1%          2
c - Flame Wave            Conj/Fire      38%        2d10      5%          4

Your spell library contained the following spells:

 Spells                   Type           Power      Damage    Failure   Level
 Inner Flame              Hex/Fire       24%        N/A       5%          3
 Volatile Blastmotes      Fire/Tloc      48%        2d14      5%          3


Dungeon Overview and Level Annotations

Branches:
Dungeon (5/15)              Sewer (visited)
 Temple: D:4-7

Altars:
Elyvilon
Hepliaklqana
Kikubaaqudgha
Wu Jian


Message History

The foxfire hits the gnoll sergeant!
The gnoll sergeant is moderately wounded.
The gnoll sergeant zaps a wand.
The mass of ice explodes!
The iceblast engulfs you!
You hear a shout!
You see here 10 stones.
g - 3 throwing nets (gained 2)
The gnoll sergeant zaps a wand.
The mass of ice explodes!
The iceblast engulfs you!
Casting: Foxfire (safe; 1% risk of failure)
Confirm with . or Enter, or press ? or * to list all spells.
You conjure some foxfire!
The foxfire hits the gnoll!
The gnoll is severely wounded.
The foxfire hits the gnoll!
You kill the gnoll!
The gnoll sergeant throws a javelin.
The javelin pierces through you!
Casting: Foxfire (safe; 1% risk of failure)
Confirm with . or Enter, or press ? or * to list all spells.
You conjure some foxfire!
The foxfire hits the gnoll sergeant but does no damage.
The gnoll sergeant is moderately wounded.
The gnoll sergeant throws a javelin.
The javelin closely misses you.
Casting: Foxfire (safe; 1% risk of failure)
Confirm with . or Enter, or press ? or * to list all spells.
Flames lash the gnoll sergeant but do no damage.
The gnoll sergeant zaps a wand.
The mass of ice explodes!
The iceblast engulfs you!
* * * LOW HITPOINT WARNING * * *
Unknown command.
Casting: Scorch (safe; 1% risk of failure)
Confirm with . or Enter, or press ? or * to list all spells.
You conjure some foxfire!
The gnoll sergeant hits you but does no damage.
The foxfire hits the gnoll sergeant.
The gnoll sergeant is heavily wounded.
The foxfire hits the gnoll sergeant.
The gnoll sergeant is severely wounded.
The gnoll sergeant hits you from afar with a +0 spear!
You die...

.# #.......#.......... .#
#.#............##.. .#
#..............#... .#
#....#..........<.. .## ##....##
##...##.............
..###%≈..≈.###...................
...##.≈..≈.##............###.#...
##.##.≈.g≈.##.##§............###.
#.##.≈.g≈.##.##@§...........#...
#.##(≈..≈.##.#.§........<.......
#.##.≈..§.##.g..................
#..###).###..###................
#..........(...#................
###.8....8...........#..........
#...........#...#####.......##
####........###.# ##......#
##........##.#### #.##..##


You could see a gnoll sergeant.

Vanquished Creatures
  Sigmund (D:4)
  Menkaure (D:5)
  A black bear (D:5)
  An ogre (D:4)
  A bullfrog (Sewer)
  A scorpion (D:4)
  2 hounds (D:5)
  4 orc priests
  2 gnoll boudas (D:5)
  An iguana (D:5)
  Natasha (thrice) (D:4)
  4 orc wizards
  6 gnolls (D:5)
  8 adders
  A shadow imp (D:4)
  A ribbon worm (D:3)
  9 dart slugs
  7 orcs
  10 bats
  13 endoplasms
  12 giant cockroaches
  3 goblins
  5 hobgoblins
  8 jackals
  5 quokkas
  8 ball pythons
  15 frilled lizards
  8 kobolds
  3 rats
144 creatures vanquished.

Vanquished Creatures (others)
  433 foxfires
433 creatures vanquished.

Grand Total: 577 creatures vanquished

Notes
Turn   | Place    | Note
-------+----------+-------------------------------------------
     0 | D:1      | bnorton916 the Deep Elf Fire Elementalist began the quest
                  | for the Orb.
     0 | D:1      | Reached XP level 1. HP: 10/10 MP: 6/6
   353 | D:1      | Reached XP level 2. HP: 15/15 MP: 6/8
  1143 | D:2      | Reached XP level 3. HP: 19/19 MP: 7/10
  1292 | D:2      | Learned a level 2 spell: Scorch
  1643 | D:2      | Found an ornate altar of the Wu Jian Council.
  2553 | D:3      | Found a hazy altar of Hepliaklqana.
  2632 | D:3      | Reached XP level 4. HP: 24/24 MP: 9/12
  2833 | D:3      | Found a white marble altar of Elyvilon.
  2861 | D:3      | Found a faded altar of an unknown god.
  2911 | D:3      | Reached XP level 5. HP: 28/28 MP: 12/14
  2960 | D:3      | Found a glowing drain.
  3048 | Sewer    | Entered a sewer
  3447 | Sewer    | Reached skill level 5 in Spellcasting
  4414 | D:3      | Reached skill level 5 in Fire Magic
  4414 | D:3      | Reached XP level 6. HP: 32/32 MP: 12/16
  5186 | D:3      | Found an ancient bone altar of Kikubaaqudgha.
  5725 | D:4      | Noticed a sky beast
  6065 | D:4      | Learned a level 4 spell: Flame Wave
  6073 | D:4      | Noticed Sigmund
  6083 | D:4      | Killed Sigmund
  6084 | D:4      | Reached XP level 7. HP: 36/36 MP: 13/18
  6137 | D:4      | Noticed Natasha
  6148 | D:4      | Killed Natasha
  6297 | D:4      | Noticed Natasha
  6302 | D:4      | Killed Natasha
  6366 | D:4      | Reached skill level 5 in Stealth
  6391 | D:4      | Noticed Natasha
  6398 | D:4      | Killed Natasha
  6940 | D:4      | Reached skill level 5 in Conjurations
  7279 | D:4      | Identified the ring of Xom's Hope {rElec rCorr Str+6 Dex+3}
  7433 | D:5      | Entered Level 5 of the Dungeon
  7433 | D:5      | Noticed Menkaure
  7439 | D:5      | Killed Menkaure
  7554 | D:5      | Reached XP level 8. HP: 40/41 MP: 11/20
  9156 | D:5      | Slain by a gnoll sergeant

Illustrated notes

Levels and vault maps discovered:
D:1:      ldierk_walled_garden_2, layout_rooms
D:2:      layout_basic, basic_altar
D:3:      layout_basic, kiku_gazebo_pond_becter, nicolae_overflow_crystal_walls,
          nicolae_elyvilon_peaceful_grove, gup_sewer_entry_pipe,
          chequers_ecumenical_altar_island
D:4:      layout_rooms, uniq_natasha, uniq_sigmund
D:5:      layout_cave_pools, grunt_temple_overflow_cloverleaf,
          serial_gnoll_camp, gnoll_camp_mini_shop, gnoll_camp_mini_basic,
          gnoll_camp_mini_hut, gnoll_camp_medium_01, gnoll_camp_mini_loothouse,
          uniq_menkaure

Skill      XL: |  1  2  3  4  5  6  7  8 |
---------------+-------------------------+-----
Conjurations   | 2 3 4 5 |  5.9
Spellcasting   | 4 5 6 7 |  7.8
Fire Magic     | 4 5 6 |  6.7
Stealth        | 4 6 7 |  7.0
Dodging        | |  2.4

Action                     |  1- 3 |  4- 6 |  7- 9 || total
---------------------------+-------+-------+-------++-------
  Melee: Unarmed           |     2 |       |       ||     2
  Throw: Boomerang         |       |       |     1 ||     1
   Cast: Foxfire           |   105 |    91 |    68 ||   264
         Scorch            |     5 |    22 |    23 ||    50
    Use: Scroll            |       |       |     3 ||     3
 Armour: Robe              |    15 |    48 |    61 ||   124
  Dodge: Dodged            |    16 |    33 |    37 ||    86
